 Dungeon Crawl Stone Soup version 0.31-b1-22-gc680215f68 (webtiles) character file.

Game seed: 9119626216300503535

264 Aldia the Caller (level 5, -8/25 HPs)
             Began as a Felid Summoner on Jan 18, 2024.
             Killed by divine providence
             ... invoked by an orc priest
              (13 damage)
             ... on level 4 of the Dungeon.
             The game lasted 00:12:04 (3344 turns).

Aldia the Caller (Felid Summoner)                   Turns: 3344, Time: 00:12:05

Health: -8/25      AC:  1    Str:  4    XL:     5   Next: 98%
Magic:  8/12       EV: 18    Int: 20    God:
Gold:   167        SH:  0    Dex: 17    Spells: 2/12 levels left
                                        Lives:  0   Deaths: 2

rFire   . . .        (weapon unavailable)
rCold   . . .        (shield unavailable)
rNeg    . . .        (body armour unavailable)
rPois   .            (helmet unavailable)
rElec   .            (cloak unavailable)
rCorr   .            (gloves unavailable)
SInv    +            (boots unavailable)
Will    .....        (no amulet)
Stlth   ++           (no ring)
HPRegen 0.24/turn    (no ring)
MPRegen 0.13/turn

%: no passive effects
@: inugami summoned
A: very small, claws 1, fangs 3, see invisible, shaggy fur 1, stealthy paws, no
weapons or thrown items, no armour, multi-lived
a: no special abilities


You were on level 4 of the Dungeon.
You visited 1 branch of the dungeon, and saw 4 of its levels.

You collected 167 gold pieces.

Inventory:

Jewellery
 g - a ring of ice
Scrolls
 c - a scroll of vulnerability
 d - a scroll of revelation {unknown}
 h - a scroll of teleportation
 i - a scroll of poison {unknown}
Potions
 a - 2 potions of magic
 b - 2 potions of curing
 e - 2 potions of cancellation
 f - a potion of invisibility
 j - a potion of mutation
 k - a potion of enlightenment {unknown}
 l - a potion of heal wounds {unknown}
 m - a potion of might {unknown}
 n - a potion of berserk rage {unknown}


   Skills:
 - Level 0.8 Fighting
 - Level 3.2 Dodging
 - Level 2.6 Stealth
 + Level 4.0 Spellcasting
 + Level 5.6 Summonings
 + Level 1.1 Fire Magic


You had 2 spell levels left.
You knew the following spells:

 Your Spells              Type           Power      Damage    Failure   Level
a - Summon Small Mammal   Summ           100%       N/A       1%          1
b - Call Imp              Summ           52%        N/A       1%          2
c - Call Canine Familiar  Summ           26%        N/A       3%          3
d - Summon Blazeheart Go  Fire/Summ      17%        N/A       32%         4

Your spell library contained the following spells:

 Spells                   Type           Power      Damage    Failure   Level
 Summon Lightning Spire   Summ/Air       15%        N/A       38%         4
 Summon Forest            Summ/Tloc      7%         N/A       75%         5
 Summon Mana Viper        Hex/Summ       15%        N/A       75%         5
 Summon Cactus Giant      Summ           13%        N/A       89%         6


Dungeon Overview and Level Annotations

Branches:
Dungeon (4/15)
 Temple: D:4-7

Altars:
Makhleb
Vehumet
Zin
The Shining One


Innate Abilities, Weirdness & Mutations

You have sharp claws.
You have razor-sharp teeth.
You have supernaturally acute eyesight. (SInv)
You are covered in fur. (AC +1)
Your paws help you pounce on unaware monsters.
You are incapable of wielding weapons or throwing items.
You cannot wear armour.
You gain extra lives every three experience levels.


Message History

You feel better. The centaur closely misses you. The centaur barely misses you.
The orc priest calls down the wrath of Beogh upon you.
Pain shoots through your body!
You die...
The centaur hits you. The centaur closely misses you.
You rejoin the land of the living...
Found a leather armour and a runed mace.
Unknown command.
Unknown command.
Found a leather armour.
Casting: Call Canine Familiar (quite dangerous; 3% risk of failure)
Confirm with . or Enter, or press ? or * to list all spells.
You call for your canine familiar and it appears with a howl!
The centaur shouts!
The centaur wields a +0 shortbow.
The centaur shoots an arrow.
The arrow misses you.
The centaur shoots an arrow.
The arrow closely misses you.
Casting: Call Canine Familiar (quite dangerous; 3% risk of failure)
Confirm with . or Enter, or press ? or * to list all spells.
A tiny devil pulls itself out of the air.
The centaur shoots an arrow.
The arrow closely misses you. What are your orders? t - Meow!
Orders for allies: a - Attack new target. r - Retreat! s - Stop attacking. g - Guard the area. f - Follow me.
Anything else - Cancel.
Gang up on whom?
Press: ? - help, Dir - move target, f - centaur
Aim: a centaur, wielding a +0 shortbow (severely wounded, ally target) Attack!
The centaur shoots an arrow.
The arrow hits you.
The centaur shoots an arrow.
The arrow completely misses you.
Unknown command.
The centaur shoots an arrow.
The arrow hits you!
Ouch! That really hurt!
* * * LOW HITPOINT WARNING * * *
The orc priest invokes the aid of Beogh against you.
Beogh smites you!
Ouch! That really hurt!
You die...

#############
[......)[...#
............#
...........#
####....##.#
##.####....####
......h.....#
.......@....#
#.............5..#
+......c..o......#
................#
#...............#
####
#..:...##########
. .)..##......###.
..
.......†.)......
...
.......oc.....).
....


You could see a centaur (ally target), an orc priest, a friendly cerulean imp
(summoned) and a friendly inugami (summoned).

Vanquished Creatures
  A gnoll (D:4)
  An orc (D:3)
  3 endoplasms
  2 goblins (D:3)
  A jackal (D:3)
  A kobold (D:2)
  3 ball pythons
  9 bats
  4 frilled lizards
  3 rats (D:3)
28 creatures vanquished.

Vanquished Creatures (collateral kills)
  A bombardier beetle (D:3)
  An orc priest (D:3)
  3 gnolls
  4 adders
  A dart slug (D:1)
  16 orcs
  3 ball pythons (D:1)
  An endoplasm (D:1)
  A giant cockroach (D:3)
  6 goblins
  4 hobgoblins
  A jackal (D:3)
  8 kobolds
  3 quokkas
  A bat (D:1)
  3 rats (D:1)
57 creatures vanquished.

Vanquished Creatures (others)
  An orc wizard (D:3)
  An orc (D:4)
2 creatures vanquished.

Grand Total: 87 creatures vanquished

Notes
Turn   | Place    | Note
-------+----------+-------------------------------------------
     0 | D:1      | Aldia the Felid Summoner began the quest for the Orb.
     0 | D:1      | Reached XP level 1. HP: 9/9 MP: 4/4
   110 | D:1      | Reached XP level 2. HP: 13/13 MP: 1/6
   116 | D:1      | Learned a level 2 spell: Call Imp
   749 | D:1      | Reached XP level 3. HP: 16/16 MP: 5/8
   753 | D:1      | Learned a level 3 spell: Call Canine Familiar
  1604 | D:2      | Reached XP level 4. HP: 21/21 MP: 9/9
  1604 | D:2      | Gained a life (2 lives remaining)
  1878 | D:2      | Found a glowing silver altar of Zin.
  2196 | D:3      | Reached skill level 5 in Summonings
  2271 | D:3      | Found a burning altar of Makhleb.
  2273 | D:3      | Noticed an Executioner
  2277 | D:3      | Noticed an orange demon
  2277 | D:3      | Noticed a neqoxec
  2616 | D:3      | Reached XP level 5. HP: 24/24 MP: 7/11
  2672 | D:3      | Learned a level 4 spell: Summon Blazeheart Golem
  2800 | D:3      | Found a glowing golden altar of the Shining One.
  2954 | D:3      | Found a radiant altar of Vehumet.
  3285 | D:4      | Reached skill level 1 in Fire Magic
  3289 | D:4      | Killed from afar by an orc priest
  3289 | D:4      | Lost a life (1 life remaining)
  3315 | D:4      | Noticed a centaur
  3333 | D:4      | Killed from afar by an orc priest
  3333 | D:4      | Lost a life (0 lives remaining)
  3344 | D:4      | Killed from afar by an orc priest

Illustrated notes

Levels and vault maps discovered:
D:1:      giann_wishing_wells, layout_basic
D:2:      layout_basic, basic_altar, serial_forest,
          infiniplex_forest_clump_small, infiniplex_forest_clump_small,
          infiniplex_forest_lined_2, infiniplex_forest_clump_small,
          infiniplex_forest_pool, infiniplex_forest_clump_long,
          infiniplex_forest_diagonal, infiniplex_forest_corner_1
D:3:      layout_rooms, makhleb_altar_promises_db, tso_metal_star,
          mainiacjoe_overflow_surrounded_room, st_stairs_7,
          ebering_dispersal_statue_hall
D:4:      layout_gridville

Skill      XL: |  1  2  3  4  5 |
---------------+----------------+-----
Spellcasting   | 3 4 |  4.0
Summonings     | 5 |  5.6
Dodging        | 3 |  3.2
Fire Magic     | 1 |  1.1
Fighting       | |  0.8
Stealth        | |  2.6

Action                     |  1- 3 |  4- 6 || total
---------------------------+-------+-------++-------
  Melee: Unarmed           |    61 |    53 ||   114
         Bite              |     6 |     5 ||    11
         Punch             |       |     2 ||     2
   Cast: Summon Small Mamm |    23 |    18 ||    41
         Call Imp          |    13 |    13 ||    26
         Call Canine Famil |       |    15 ||    15
    Use: Scroll            |       |     7 ||     7
         Potion            |       |     2 ||     2
   Stab: Sleeping          |     5 |     2 ||     7
         Invisible         |       |     1 ||     1
 Armour: Skin              |    26 |    35 ||    61
  Dodge: Dodged            |    85 |    76 ||   161
